 Dungeon Crawl Stone Soup version 0.32-a0-893-gf85d74f360 (webtiles) character file.

Game seed: 17444376465194984137

14 pokedragonboy the Grasshopper (level 2, -7/26 HPs)
             Began as a Naga Warper on Apr 3, 2024.
             Killed by divine providence
             ... invoked by an orc priest
              (14 damage)
             ... on level 2 of the Dungeon.
             The game lasted 00:01:35 (480 turns).

pokedragonboy the Grasshopper (Naga Warper)          Turns: 480, Time: 00:01:36

Health: -7/26      AC:  2    Str: 13    XL:     2   Next: 45%
Magic:  5/5        EV:  8    Int: 13    God:
Gold:   70         SH:  0    Dex: 10    Spells: 3/5 levels left

rFire   . . .        a - +0 hand axe
rCold   . . .        (no shield)
rNeg    . . .        b - +0 leather armour
rPois   +            (no helmet)
rElec   .            (no cloak)
rCorr   .            (no gloves)
SInv    +            (no barding)
Will    .....        (no amulet)
Stlth   +            (no ring)
HPRegen 0.24/turn    (no ring)
MPRegen 0.09/turn

%: no passive effects
@: short of breath, very slow
A: AC +0, large, see invisible, deformed body, poison resistance, slowness 2,
spit poison 1, naga tail 1
a: Spit Poison, Convert to Beogh


You were on level 2 of the Dungeon.
You visited 1 branch of the dungeon, and saw 2 of its levels.

You collected 70 gold pieces.

Inventory:

Hand Weapons
 a - a +0 hand axe (weapon)
Missiles
 d - 6 darts of dispersal (quivered)
Armour
 b - a +0 leather armour (worn)
 f - a +0 tower shield
Scrolls
 c - a scroll of blinking
 e - 2 scrolls of identify {unknown}
 h - 2 scrolls of vulnerability {unknown}
 i - a scroll of teleportation {unknown}
 j - a scroll of butterflies {unknown}
Potions
 g - a potion of mutation {unknown}


   Skills:
 + Level 2.1 Fighting
 * Level 2.4 Axes
 - Level 0.8 Throwing
 - Level 0.7 Armour
 - Level 1.5 Dodging
 + Level 2.1 Spellcasting
 * Level 3.2 Translocations


You had 3 spell levels left.
You knew the following spells:

 Your Spells              Type           Power      Damage    Failure   Level
n - Blink                 Tloc           18%        N/A       13%         2

Your spell library contained the following spells:

 Spells                   Type           Power      Damage    Failure   Level
 Lesser Beckoning         Tloc           18%        N/A       13%         2
 Maxwell's Portable Pile  Tloc           9%         2d(6-16)  26%         3
 Teleport Other           Tloc           9%         N/A       26%         3
 Cigotuvi's Dreadful Rot  Necr/Alch/Air  2%         N/A       43%         2
 Vhi's Electric Charge    Tloc/Air       10%        N/A       85%         4
 Ignite Poison            Fire/Alch      1%         N/A       97%         4
 Freezing Cloud           Conj/Ice/Air   0%         6-21      100%        5


Dungeon Overview and Level Annotations

Branches:
Dungeon (2/15)

Altars:

Annotations:
D:1 2 transporters


Innate Abilities, Weirdness & Mutations

Your serpentine skin is tough. (AC +0)
You have supernaturally acute eyesight. (SInv)
Armour fits poorly on your strangely shaped body.
Your system is resistant to poisons. (rPois)
You cover ground very slowly.
You can spit poison.
You have a snake-like lower body.


Message History

The orc priest hits you but does no damage.
The orc priest hits you with a +0 hand axe.
You hit the orc priest but do no damage.
The orc priest is lightly wounded.
The orc priest invokes the aid of Beogh against you.
You barely resist. You completely miss the orc priest.
The orc priest is lightly wounded.
The orc priest hits you with a +0 hand axe.
You hit the orc priest but do no damage.
The orc priest is lightly wounded.
The orc priest hits you with a +0 hand axe.
You hit the orc priest but do no damage.
The orc priest is lightly wounded.
The orc priest shouts, "Surrender to Beogh and we'll let you live!"
The orc priest closely misses you.
You hit the orc priest.
The orc priest is lightly wounded.
The orc priest shouts, "Surrender to Beogh and we'll let you live!"
The orc priest hits you with a +0 hand axe.
* * * LOW HITPOINT WARNING * * *
Okay, then.
Throw: 7 darts (disperse)
Press: ? - help, Q - select action, (/) - cycle Shift-Dir - straight line, f - orc priest
Aim: an orc priest, wielding a +0 hand axe and wearing a +0 chain mail (lightly wounded, 61% to hit)
You throw a dart of dispersal.
The dart of dispersal hits the orc priest.
The orc priest blinks!
You see here a +0 club.
Aiming: Spit Poison (2% risk of failure)
Press: ? - help, Shift-Dir - straight line, f/p - orc priest
Aim: an orc priest, wielding a +0 hand axe and wearing a +0 chain mail (lightly wounded, 70% to hit)
The splash of poison hits the orc priest but does no damage.
The orc priest is poisoned.
The orc priest is lightly wounded.
The orc priest shouts, "The Pantheon deserves no one's loyalty.
Let us show you the true path!"
The orc priest calls down the wrath of Beogh upon you.
Beogh smites you!
Ouch! That really hurt!
You die...

#. #.## .....
.....######## #
............#### .##
.............^.####...###
.............#...........
........o)...@...##......
......)#########.........
##.##.. ....###.#.#.###
.... ..ß..##...# .##..
...o.$#.### # #..
.....o#..##.# ...
.....$#.....# #..
..ß..##.###.... ....###.#
###


You could see an orc priest (poisoned).

Vanquished Creatures
  A dart slug (D:1)
  An orc (D:2)
  2 bats (D:1)
  A giant cockroach (D:1)
  A goblin (D:1)
  A hobgoblin (D:1)
  A ball python (D:1)
  2 kobolds
10 creatures vanquished.

Notes
Turn   | Place    | Note
-------+----------+-------------------------------------------
     0 | D:1      | pokedragonboy the Naga Warper began the quest for the Orb.
     0 | D:1      | Reached XP level 1. HP: 19/19 MP: 3/3
   172 | D:1      | Reached XP level 2. HP: 26/26 MP: 5/5
   315 | D:1      | Learned a level 2 spell: Blink
   480 | D:2      | Killed from afar by an orc priest

Illustrated notes

Levels and vault maps discovered:
D:1:      spicycebolla_arrival_transporter_tutorial, layout_rooms,
          minmay_pentomino_w2
D:2:      cheibrodos_pilgrimage, layout_loops_cross,
          hellmonk_ecumenical_altar_inner_sanctum, uniq_robin

Action                     || total
---------------------------++-------
  Melee: Hand axe          ||    38
  Throw: Dart              ||     1
Ability: Spit Poison       ||     1
 Armour: Leather armour    ||    33
  Dodge: Dodged            ||    17

Table legend: (Time is in decaauts)
 A = Elapsed time spent in this place.
 B = Non-inter-level travel time spent in this place.
 C = Inter-level travel time spent in this place.
 D = Time resting spent in this place.
 E = Time spent auto-exploring this place.
 F = Levels seen in this place.
 G = Mean time per level.
                   A        B        C        D        E       F      G
               +--------+--------+--------+--------+--------+-----+--------+
         Total |    633 |    605 |     28 |      0 |    450 |   2 |  316.5 |
       Dungeon |    633 |    605 |     28 |      0 |    450 |   2 |  316.5 |
               +--------+--------+--------+--------+--------+-----+--------+

Top non-repeatable levels by time:
     D:1: 576 daAuts
     D:2: 57 daAuts
